 Dungeon Crawl Stone Soup version 0.29.0-4-gdea44cf6ec (webtiles) character file.

Game seed: 16075116244774952461

60 qw the Cudgeller (level 4, 0/42 HPs)
             Began as an Ogre Enchanter on Sept 3, 2022.
             Slain by a gnoll
             ... wielding a +0 spear
              (3 damage)
             ... on level 2 of the Dungeon.
             The game lasted 00:01:48 (2562 turns).

qw the Cudgeller (Ogre Enchanter)                   Turns: 2562, Time: 00:01:48

Health: 0/42       AC:  5    Str: 14    XL:     4   Next: 4%
Magic:  7/7        EV: 13    Int: 16    God:
Gold:   89         SH:  0    Dex:  9    Spells: 7/7 levels left

rFire   . . .      SeeInvis .   a - +0 whip
rCold   . . .      Faith    .   (no shield)
rNeg    . . .      Spirit   .   b - +0 robe
rPois   .          Reflect  .   (helmet restricted)
rElec   .          Harm     .   d - +1 cloak
rCorr   .          Rampage  .   (gloves unavailable)
Will    .....                   (boots unavailable)
Stlth   ++........              (no amulet)
HPRegen 0.14/turn               k - +4 ring of evasion
MPRegen 0.10/turn               (no ring)

@: no status effects
A: large, unfitting armour, tough skin 1
a: no special abilities


You were on level 2 of the Dungeon.
You visited 1 branch of the dungeon, and saw 2 of its levels.

You collected 89 gold pieces.


Innate Abilities, Weirdness & Mutations

You are too large for most types of armour.
You have tough skin. (AC +1)


   Skills:
 - Level 2.0 Fighting
 - Level 0.8 Short Blades
 + Level 2.7 Maces & Flails
 - Level 1.7 Dodging
 - Level 2.1 Stealth
 - Level 2.4 Spellcasting
 - Level 2.6 Hexes


You had 7 spell levels left.
You didn't know any spells.
Your spell library contained the following spells:

 Spells                   Type           Power      Damage    Failure   Level
 Ensorcelled Hibernation  Hex/Ice        12%        N/A       17%         2
 Confusing Touch          Hex            10%        N/A       21%         3
 Tukima's Dance           Hex            10%        N/A       21%         3
 Dazzling Flash           Conj/Hex       12%        N/A       34%         3

Inventory:

Hand Weapons
 a - a +0 whip (weapon)
Armour
 b - a +0 robe (worn)
 d - a +1 cloak (worn)
Jewellery
 k - a +4 ring of evasion (left hand)
Scrolls
 f - 4 scrolls of vulnerability {unknown}
 g - a scroll of fear {unknown}
 h - 2 scrolls of identify
Potions
 c - a potion of experience {unknown}
 e - a potion of might {unknown}
 j - a potion of curing
 l - a potion of cancellation {unknown}
 m - a potion of attraction {unknown}
 n - a potion of lignification {unknown}
 o - a potion of flight {unknown}

Dungeon Overview and Level Annotations

Branches:
Dungeon (2/15)

Altars:


Message History

The gnoll is moderately wounded.
The gnoll hits you with a +0 club.
The gnoll hits you from afar with a +0 spear.
You hit the gnoll but do no damage.
The gnoll is moderately wounded.
The gnoll closely misses you.
The gnoll hits you from afar with a +0 spear!
You hit the gnoll but do no damage.
The gnoll is moderately wounded.
The gnoll hits you with a +0 club.
The gnoll hits you from afar with a +0 spear.
You hit the gnoll.
The gnoll is heavily wounded.
The gnoll hits you with a +0 club. The gnoll misses you.
2556 ||| DRINKING potion of heal wounds.
You feel much better. The gnoll barely misses you.
The gnoll hits you from afar with a +0 spear!
You hit the gnoll but do no damage.
The gnoll is heavily wounded.
The gnoll barely misses you.
The gnoll hits you from afar with a +0 spear.
You barely miss the gnoll.
The gnoll is heavily wounded.
The gnoll hits you but does no damage.
The gnoll hits you from afar with a +0 spear.
You hit the gnoll.
The gnoll is heavily wounded.
The gnoll hits you with a +0 club. The gnoll closely misses you.
You hit the gnoll.
The gnoll is almost dead.
The gnoll hits you with a +0 club! The gnoll barely misses you.
You hit the gnoll but do no damage.
The gnoll is almost dead.
The gnoll hits you with a +0 club! The gnoll completely misses you.
You closely miss the gnoll.
The gnoll is almost dead.
The gnoll hits you with a +0 club.
The gnoll hits you from afar with a +0 spear.
You die...

#....# #.#
#.### #.#.#
#####.#### #.#
#.#.. ..#.#
.......# #.#
#.#.# #.#
#####..######.
#.#.# #.#
#.........
#.#.# #.#
#.########
#.#.# #.#
#####.#
#.#.#####.#
......#
#####.........#
########
#.g@....#######
.......#
#g#######
######.# #. #.#
#. #.# #g #.#
#g #.# #g
######.# #.
.......#


You could see 2 gnolls.

Vanquished Creatures
  An adder (D:2)
  A worm (D:2)
  5 ball pythons
  6 bats
  3 endoplasms
  2 giant cockroaches (D:1)
  3 goblins (D:1)
  7 hobgoblins
  2 quokkas
  4 frilled lizards
  2 kobolds
  11 rats
47 creatures vanquished.

Notes
Turn   | Place    | Note
-------+----------+-------------------------------------------
     0 | D:1      | qw the Ogre Enchanter began the quest for the Orb.
     0 | D:1      | Reached XP level 1. HP: 16/16 MP: 3/3
     0 | D:1      | 0 ||| qw: Version: 0.1-a-100-g36b9a1f
     0 | D:1      | 0 ||| qw: Game counter: 5055
     0 | D:1      | 0 ||| qw: Always use a shield: true
     0 | D:1      | 0 ||| qw: God list: Okawaru
     0 | D:1      | 0 ||| qw: Allow faded altars: false
     0 | D:1      | 0 ||| qw: Do Orc after D:15 true
     0 | D:1      | 0 ||| qw: Do second Lair branch before Depths: true
     0 | D:1      | 0 ||| qw: Lair rune preference: random
     0 | D:1      | 0 ||| qw: Plans: Normal
     0 | D:1      | 0 ||| PLANNING D:1-11
    98 | D:1      | Reached skill level 1 in Maces & Flails
   132 | D:1      | 132 ||| Stepping ~*~*~tactically~*~*~ (outnumbered).
   133 | D:1      | 133 ||| Stepping ~*~*~tactically~*~*~ (outnumbered).
   134 | D:1      | 134 ||| Stepping ~*~*~tactically~*~*~ (outnumbered).
   135 | D:1      | 135 ||| Stepping ~*~*~tactically~*~*~ (outnumbered).
   142 | D:1      | Reached skill level 1 in Fighting
   352 | D:1      | Reached XP level 2. HP: 26/27 MP: 5/5
   579 | D:1      | 579 ||| SWAPPING to +0 club.
   580 | D:1      | 580 ||| DROPPING +1 dagger.
   940 | D:1      | Reached XP level 3. HP: 25/33 MP: 6/6
  1621 | D:1      | 1621 ||| UPGRADING to +1 cloak.
  1626 | D:1      | 1626 ||| UPGRADING to +4 ring of evasion.
  1627 | D:1      | 1627 ||| READING scroll labelled JAEDUAXT NIAM.
  1628 | D:1      | 1628 ||| READING 2 scrolls labelled NAIVOA JIEBENU.
  1770 | D:1      | 1770 ||| READING scroll labelled JOSUFARIOGH.
  1771 | D:1      | 1771 ||| READING 4 scrolls labelled XIFUFY BIULAU.
  1772 | D:1      | 1772 ||| DRINKING 2 fuming cyan potions.
  1773 | D:1      | 1773 ||| READING 3 scrolls of identify.
  1773 | D:1      | 1773 ||| IDENTIFYING cyan potion
  1774 | D:1      | 1774 ||| READING 2 scrolls of identify.
  1774 | D:1      | 1774 ||| IDENTIFYING lumpy coppery potion
  1775 | D:1      | 1775 ||| DROPPING 2 potions of invisibility.
  1776 | D:1      | 1776 ||| DROPPING potion of magic.
  1777 | D:1      | 1777 ||| DROPPING scroll of torment.
  1799 | D:2      | 1799 ||| SWAPPING to +0 whip.
  1800 | D:2      | 1800 ||| DROPPING +0 club.
  2173 | D:2      | 2173 ||| Stepping ~*~*~tactically~*~*~ (outnumbered).
  2434 | D:2      | Reached XP level 4. HP: 42/42 MP: 7/7
  2482 | D:2      | 2482 ||| Stepping ~*~*~tactically~*~*~ (stealth).
  2485 | D:2      | 2485 ||| Stepping ~*~*~tactically~*~*~ (stealth).
  2486 | D:2      | 2486 ||| Stepping ~*~*~tactically~*~*~ (stealth).
  2545 | D:2      | 2545 ||| Stepping ~*~*~tactically~*~*~ (stealth).
  2547 | D:2      | 2547 ||| Stepping ~*~*~tactically~*~*~ (hiding).
  2555 | D:2      | HP: 6/42 [gnoll/+0 club (6)]
  2556 | D:2      | 2556 ||| DRINKING potion of heal wounds.
  2560 | D:2      | HP: 10/42 [gnoll/+0 club (8)]
  2561 | D:2      | HP: 3/42 [gnoll/+0 club (7)]
  2562 | D:2      | Slain by a gnoll

Levels and vault maps discovered:
D:1:      minmay_arrival_glassed_features, layout_basic, minmay_rat_gold_closets
D:2:      layout_loops_ring

Skill      XL: |  1  2  3 |
---------------+----------+-----
Maces & Flails | 1 2 |  2.7
Fighting       | 1 2 |  2.0
Short Blades   | |  0.8
Dodging        | |  1.7
Stealth        | |  2.1
Spellcasting   | |  2.4
Hexes          | |  2.6

Action                   |  1- 3 |  4- 6 || total
-------------------------+-------+-------++-------
Melee: Dagger            |    42 |       ||    42
       Club              |    75 |       ||    75
       Punch             |     2 |       ||     2
       Whip              |    64 |    21 ||    85
  Use: Scroll            |     6 |       ||     6
       Potion            |     1 |     1 ||     2
Armor: Robe              |    55 |     3 ||    58
Dodge: Dodged            |    76 |    13 ||    89

Table legend:
 A = Non-vault XP
 B = Vault XP
 C = Vault XP percentage of total XP
 D = Non-vault monster count
 E = Vault monster count
 F = Vault count percentage of total count
                 A         B        C        D         E       F
            +---------+---------+-------+---------+---------+-------
      Total |      78 |       8 |   9.3 |      39 |       8 |  17.0
            +---------+---------+-------+---------+---------+-------
        D:1 |      39 |       8 |  17.0 |      24 |       8 |  25.0
        D:2 |      39 |       0 |   0.0 |      15 |       0 |   0.0
            +---------+---------+-------+---------+---------+-------
